 Dungeon Crawl Stone Soup version 0.23.0-3-gf3c87f2 (webtiles) character file.

Game seed: 831094415535445386

231 Borgoz the Skirmisher (level 6, -1/52 HPs)
             Began as a Ghoul Monk on Feb 23, 2019.
             Slain by Terence
             ... wielding a +2 hand axe of flaming
              (2 damage)
             ... on level 3 of the Dungeon.
             The game lasted 00:04:40 (2323 turns).

Borgoz the Skirmisher (Ghoul Monk)                  Turns: 2323, Time: 00:04:41

Health: -1/52      AC:  6    Str: 16 (19) XL:     6   Next: 3%
Magic:  5/5        EV: 13    Int:  2 (5)  God:
Gold:   135        SH:  0    Dex: 12 (13) Spells: 5/5 levels left

rFire    . . .     SeeInvis +   a - +0 short sword
rCold    + . .     Gourm    .   (no shield)
rNeg     + + +     Faith    .   i - +0 leather armour
rPois    ∞         Spirit   .   s - +0 helmet
rElec    .         Reflect  .   t - +0 cloak
rCorr    .         Harm     .   e - +0 pair of gloves
MR       .....                  (no boots)
Stlth    ++........             (no amulet)
HPRegen  0.00/turn              q - +4 ring of strength
MPRegen  0.09/turn              m - ring of see invisible

@: flying, rotting
A: rotting body, claws 1, carnivore, cold resistance 1, negative energy
resistance 3, inhibited regeneration, torment resistance, unbreathing
a: no special abilities


You were on level 3 of the Dungeon.
You were not hungry.

You visited 1 branch of the dungeon, and saw 3 of its levels.

You collected 135 gold pieces.

Inventory:

Hand Weapons
 a - a +0 short sword (weapon)
 n - a +2 quarterstaff of chaos
Missiles
 p - 14 poisoned needles
Armour
 e - a +0 pair of gloves (worn)
 h - a +2 shield
 i - a +0 leather armour (worn)
 s - a +0 helmet (worn)
 t - a +0 cloak (worn)
Jewellery
 k - an uncursed ring of ice
 m - a ring of see invisible (right hand)
 q - a +4 ring of strength (left hand)
Scrolls
 f - a scroll of blinking {unknown}
 g - a scroll of teleportation {unknown}
 o - a scroll of amnesia {unknown}
Potions
 j - a potion of degeneration
Comestibles
 c - 2 rations


   Skills:
 + Level 4.1 Fighting
 * Level 4.0 Short Blades
 * Level 4.0 Dodging
 + Level 3.5 Stealth


You had 5 spell levels left.
You didn't know any spells.
Your spell library was empty.

Dungeon Overview and Level Annotations

Branches:
Dungeon (3/15)

Altars:

Annotations:
D:3 Terence


Innate Abilities, Weirdness & Mutations

Your body is rotting away.
You thrive on raw meat.
You are immune to poison.
You have sharp fingernails.
You are carnivorous and can eat meat at any time.
Your flesh is cold resistant. (rC+)
You are immune to negative energy. (rN+++)
You do not regenerate when monsters are visible.
You are immune to unholy pain and torment.
You can survive without breathing.


Message History

Terence hits you with a +2 hand axe of flaming.
* * * LOW HITPOINT WARNING * * *
Terence burns you.
* * * LOW HITPOINT WARNING * * *
You hit Terence but do no damage.
Terence is heavily wounded.
You closely miss Terence.
Terence is heavily wounded.
Terence barely misses you.
You hit Terence but do no damage.
Terence is heavily wounded.
Terence hits you but does no damage.
Okay, then.
Okay, then.
You hit Terence.
Terence is severely wounded.
Terence hits you with a +2 hand axe of flaming.
* * * LOW HITPOINT WARNING * * *
Terence burns you.
You die...

...........####...............
..##..........................
...........####..$............
........#..####...............
..............................
..#...####....#.........".....
.........)....####............
......#####.######K.<.########
......# .......@@l...#
#.....#####.#.#########
#.............# #.##..#####.#
# #.##..# .# ......#
......##### #.........#
...........


You could see Terence, a kobold and a frilled lizard.

Vanquished Creatures
  Crazy Yiuf (D:2)
  An orc wizard (D:3)
  Natasha (thrice) (D:2)
  A hound skeleton (D:2)
  Robin (D:2)
  3 adders (D:2)
  An ooze (D:1)
  A dart slug (D:1)
  A leopard gecko (D:1)
  2 orcs (D:3)
  6 bats
  2 giant cockroaches (D:2)
  9 goblins
  4 hobgoblins
  5 kobolds
  A quokka (D:2)
  6 rats
48 creatures vanquished.

Notes
Turn   | Place    | Note
-------+----------+-------------------------------------------
     0 | D:1      | Borgoz the Ghoul Monk began the quest for the Orb.
     0 | D:1      | Reached XP level 1. HP: 19/19 MP: 0/0
   380 | D:1      | Reached XP level 2. HP: 25/26 MP: 1/1
   787 | D:2      | Reached XP level 3. HP: 31/31 MP: 2/2
  1004 | D:2      | Reached XP level 4. HP: 39/40 MP: 3/3
  1016 | D:2      | Noticed Natasha
  1033 | D:2      | Killed Natasha
  1116 | D:2      | Found a runed translucent door.
  1117 | D:2      | Noticed Crazy Yiuf
  1597 | D:2      | Noticed Natasha
  1606 | D:2      | Killed Natasha
  1606 | D:2      | Reached XP level 5. HP: 21/46 MP: 4/4
  1776 | D:2      | Noticed Robin
  1793 | D:2      | Killed Robin
  2089 | D:2      | Noticed Natasha
  2095 | D:2      | Killed Natasha
  2100 | D:2      | Killed Crazy Yiuf
  2195 | D:3      | Reached XP level 6. HP: 38/52 MP: 5/5
  2274 | D:3      | Noticed Terence
  2323 | D:3      | HP: 1/52 [Terence/+2 hand axe of flaming (4)]
  2323 | D:3      | Slain by Terence

Skill      XL: |  1  2  3  4  5 |
---------------+----------------+-----
Dodging        | 3 4 |  4.0
Short Blades   | 3 4 |  4.0
Stealth        | 3 |  3.5
Fighting       | 4 |  4.1

Action                   |  1- 3 |  4- 6 || total
-------------------------+-------+-------++-------
Melee: Short sword       |    93 |   139 ||   232
  Use: Potion            |       |     5 ||     5
 Stab: Sleeping          |     3 |     2 ||     5
  Eat: Chunk             |     6 |    10 ||    16
Armor: Robe              |     3 |       ||     3
       Leather armour    |    10 |    34 ||    44
Dodge: Dodged            |    58 |    74 ||   132
